Match 42223665
Unlisted

Match 42223665
End
Construct Weapon Support Center
Selects Special Operations Battlegroup
M1919 Machine Gun Team
Engineer Squad
Scout Squad
M1919 Machine Gun Team
Infantry Support Center
Selects Raiding Flares
Construct Medical Station
Mortar Pit
Construct Motor Pool
Selects SSF Commando Squad
SSF Commando Squad
SSF Commando Squad
.30 cal Machine Gun
Selects M29 Weasel with M1 Pack Howitzer
M29 Weasel with M1 Pack Howitzer
Construct Tank Depot
SS20132013
Grand.G
0
0

Comments sign in to comment!

No comments posted yet!